 Dungeon Crawl Stone Soup version 0.30.0-29-ga12c61a403 (webtiles) character file.

Game seed: 14295646866364106674

17690 Gorgondantess the Jinx (level 12, -13/71 HPs)
             Began as a Vampire Enchanter on June 20, 2023.
             Was an Elder of Kikubaaqudgha.
             Mangled by a cane toad (17 damage)
             ... on level 1 of the Lair of Beasts.
             The game lasted 00:41:47 (12618 turns).

Gorgondantess the Jinx (Vampire Enchanter)         Turns: 12618, Time: 00:41:48

Health: -13/71     AC: 14    Str: 12    XL:     12   Next: 21%
Magic:  25/30      EV: 18    Int: 25    God:    Kikubaaqudgha [****..]
Gold:   559        SH:  0    Dex: 22    Spells: 4/22 levels left

rFire   x . .        W - +4 short sword "Torur" {heavy, Fly Str+3}
rCold   + + .        (no shield)
rNeg    + + +        O - +1 steam dragon scales
rPois   ∞            T - +3 hat of Pondering {ponderous, Will+ MP+10 Int+5}
rElec   .            o - scarf {repulsion}
rCorr   +            (no gloves)
SInv    +            e - +0 pair of boots
Will    ++...        n - amulet of the acrobat
Stlth   +++++++      m - +4 ring of protection
HPRegen 0.00/turn    b - ring of the Lotus Blossom {rF- rCorr Dex+7 Slay+5}
MPRegen 0.22/turn

%: repel missiles, acrobat
@: confusing by touch, flying, bloodless, inhibited regen, slow
A: bloodless, fangs 3, see invisible, vampiric 2
a: Bat Form, Revivify, Renounce Religion, Unearth Wretches


You were on level 1 of the Lair of Beasts.
You worshipped Kikubaaqudgha.
Kikubaaqudgha was greatly pleased with you.
You visited 3 branches of the dungeon, and saw 13 of its levels.

You collected 724 gold pieces.
You spent 165 gold pieces at shops.

Inventory:

Hand Weapons
 W - the +4 short sword "Torur" (weapon) {heavy, Fly Str+3}
   (You took it off a kobold on level 9 of the Dungeon)

   Str:       It affects your strength (+3).
   Fly:       It grants you flight.
Missiles
 r - 33 poisoned darts (quivered)
 w - 4 throwing nets
 F - 6 silver javelins
 Y - 5 curare-tipped darts
Armour
 e - a +0 pair of boots (worn)
 o - a scarf of repulsion (worn)
 O - +1 steam dragon scales (worn)
 T - the +3 hat of Pondering (worn) {ponderous, Will+ MP+10 Int+5}
   (You took it off Gastronok on level 8 of the Dungeon)

   Int:       It affects your intelligence (+5).
   MP:        It affects your magic capacity (+10).
   Will:      It increases your willpower.
 V - a scarf of shadows
 X - a +0 buckler
Jewellery
 b - the ring of the Lotus Blossom (right hand) {rF- rCorr Dex+7 Slay+5}
   (You found it on level 7 of the Dungeon)

   [ring of resist corrosion]

   Dex:       It affects your dexterity (+7).
   Slay:      It affects your accuracy & damage with ranged weapons and melee
   (+5).
   rF:        It makes you vulnerable to fire.
   rCorr:     It protects you from acid and corrosion.
 m - a +4 ring of protection (left hand)
 n - an amulet of the acrobat (around neck)
 K - a ring of willpower
Wands
 a - a wand of polymorph (5)
 y - a wand of charming (8)
 J - a wand of roots (11)
 P - a wand of acid (15)
 S - a wand of flame (29)
Scrolls
 j - 2 scrolls of teleportation
 l - 4 scrolls of noise {unknown}
 s - 3 scrolls of magic mapping {unknown}
 t - 2 scrolls of fog {unknown}
 u - 2 scrolls of enchant weapon {unknown}
 v - 3 scrolls of amnesia {unknown}
 x - 3 scrolls of blinking {unknown}
 I - a scroll of vulnerability {unknown}
 N - a scroll of poison {unknown}
 R - 2 scrolls of immolation {unknown}
 U - a scroll of enchant armour {unknown}
 Z - a scroll of torment {unknown}
Potions
 c - 3 potions of invisibility
 d - 3 potions of heal wounds
 f - a potion of flight {unknown}
 g - 6 potions of curing
 i - 2 potions of resistance
 k - 2 potions of haste
 p - 3 potions of magic
 B - a potion of brilliance
 D - a potion of ambrosia
 H - a potion of mutation
 Q - 2 potions of lignification {unknown}


   Skills:
 + Level 6.3 Fighting
 - Level 10.0 Short Blades
 + Level 3.4 Armour
 + Level 7.8 Dodging
 - Level 10.0 Stealth
 * Level 3.3 Shields
 + Level 5.5 Spellcasting
 + Level 10.6 Hexes
 * Level 8.2 Necromancy
 - Level 2.0 Air Magic
 * Level 4.8 Earth Magic
 - Level 1.0 Poison Magic


You had 4 spell levels left.
You knew the following spells:

 Your Spells              Type           Power      Damage    Failure   Level
a - Confusing Touch       Hex            57%        N/A       1%          3
b - Tukima's Dance        Hex            57%        N/A       1%          3
c - Necrotise             Necr           100%       1d9       1%          1
d - Cigotuvi's Dreadful   Necr/Pois/Air  50%        N/A       2%          2
e - Borgnjor's Vile Clut  Necr/Erth      19%        N/A       16%         5
f - Anguish               Hex/Necr       26%        N/A       1%          4

Your spell library contained the following spells:

 Spells                   Type           Power      Damage    Failure   Level
 Ensorcelled Hibernation  Hex/Ice        66%        N/A       1%          2
 Sublimation of Blood     Necr           48%        N/A       1%          2
 Vampiric Draining        Necr           48%        2d9       1%          3
 Dazzling Flash           Conj/Hex       66%        N/A       2%          3
 Animate Dead             Necr           48%        N/A       2%          4
 Spider Form              Tmut/Pois      9%         N/A       19%         3
 Summon Lightning Spire   Summ/Air       11%        N/A       45%         4
 Agony                    Necr           48%        N/A       8%          5
 Death Channel            Necr           24%        N/A       38%         6
 Summon Forest            Summ/Tloc      3%         N/A       91%         5
 Eringya's Noxious Bog    Tmut/Pois      4%         N/A       100%        6
 Storm Form               Tmut/Air       5%         N/A       100%        7
 Summon Hydra             Summ           3%         N/A       100%        7
 Maxwell's Capacitive Co  Air            8%         ∞         100%        8


Dungeon Overview and Level Annotations

Branches:
Dungeon (11/15)            Temple (1/1) D:4            Lair (1/5) D:10
    Orc (0/2) D:11

Altars:
Ashenzari
Cheibriados
Dithmenos
Fedhas
Gozag
Hepliaklqana
Kikubaaqudgha
Makhleb
Nemelex Xobeh
Okawaru
Qazlal
Ru
Sif Muna
Trog
Uskayaw
Vehumet
Wu Jian
Xom
Yredelemnul

Shops:
D:10 (


Innate Abilities, Weirdness & Mutations

You do not regenerate when monsters are visible.
You are frail without blood (-20% HP).
You can heal yourself when you bite living creatures.
You are immune to poison.
You have razor-sharp teeth.
You have supernaturally acute eyesight. (SInv)
You are afflicted with vampirism and can become a bat while bloodless.


Message History

The blink frog misses you.
You puncture the blink frog!
You kill the blink frog!
Kikubaaqudgha accepts your kill.
Found a stone staircase leading down.
Found a stone staircase leading down.
Found a scale mail.
u - 2 scrolls labelled EGUERHO TAUGI (gained 1)
A cane toad and a water moccasin come into view.
A cane toad comes into view.
The cane toad completely misses you.
The cane toad gives a loud, deep croak!
You hit the cane toad.
The cane toad is lightly wounded.
You hear an angry hiss.
The cane toad stings you. x2
The cane toad attacks as you move away! The cane toad stings you! x2
Casting: Anguish (dangerous; 1% risk of failure)
Confirm with . or Enter, or press ? or * to list all spells.
Your hands begin to glow red.
The cane toad stings you! The cane toad closely misses you.
The cane toad stings you but does no damage.
You barely miss the water moccasin. The water moccasin bites you.
The cane toad misses you. The cane toad closely misses you.
You barely miss the cane toad. The water moccasin barely misses you.
The cane toad barely misses you. The water moccasin barely misses you.
You closely miss the cane toad. The cane toad closely misses you.
The cane toad stings you!
* * * LOW HITPOINT WARNING * * *
The water moccasin completely misses you.
Kikubaaqudgha calls piteous wretches from the earth!
A bullfrog comes into view.
The cane toad stings you!
* * * LOW HITPOINT WARNING * * *
The cane toad completely misses you. The water moccasin misses you.
The cane toad closely misses you.
Unknown command.
The cane toad attacks as you move away! The cane toad stings you!
You die...
Kikubaaqudgha rasps: "You have failed me!
Welcome... oblivion!"

..### ####.....#
#..##.S.## .
#.FF#....# ...
##@##..#
#..#.S...#
#...F...##
#####....# ###
##...# #....
#....# #....
##...# .. #
#.... #...##P..
# ###
#....###........


You could see 2 cane toads, a water moccasin and a bullfrog (paralysed).

Vanquished Creatures
  Gastronok (D:8)
  A two-headed ogre (D:10)
  A boulder beetle (D:11)
  Sonja (D:11)
  Pikel (D:6)
  A cyclops (D:10)
  Joseph (D:7)
  An ice statue (D:10)
  Maggie (D:7)
  A torpor snail (D:10)
  3 unseen horrors (D:11)
  A kobold demonologist (D:11)
  3 trolls
  Prince Ribbit (D:4)
  3 hornets
  3 blink frogs (Lair:1)
  Sigmund (D:3)
  A shadow (D:11)
  A wraith (D:10)
  3 wyverns
  19 yaks
  3 vampire mosquitoes (D:11)
  4 steam dragons
  An acid dragon (D:11)
  3 water moccasins
  Duvessa (D:5)
  2 ice beasts
  2 orc warriors
  A black bear (D:7)
  An ogre (D:6)
  2 centaurs
  4 wolves (D:10)
  2 lemures (D:6)
  A phantom (D:4)
  2 kobold brigands
  6 bullfrogs
  3 scorpions
  5 wights (D:7)
  Dowan (D:5)
  11 killer bees (D:9)
  8 electric eels
  A crimson imp (D:8)
  4 orc priests
  2 hounds (D:10)
  A jelly (D:5)
  Crazy Yiuf (D:6)
  5 iguanas
  2 sleepcaps
  9 orc wizards
  2 adders
  6 gnolls
  2 white imps
  2 worms
  4 dart slugs
  30 orcs
  7 ball pythons
  6 endoplasms
  6 giant cockroaches
  7 goblins (D:2)
  11 hobgoblins
  7 jackals
  23 kobolds
  2 quokkas
  5 bats
  A frilled lizard (D:1)
  7 rats
265 creatures vanquished.

Vanquished Creatures (collateral kills)
  A two-headed ogre (D:10)
  An ogre (D:5)
  2 orc priests
  Robin (D:2)
  2 gnolls (D:4)
  An orc (D:5)
  4 kobolds
12 creatures vanquished.

Vanquished Creatures (others)
  A yak (Lair:1)
  6 dancing weapons
  An orc priest (D:11)
  An adder (D:4)
  A white imp (D:7)
  An orc (D:6)
11 creatures vanquished.

Grand Total: 288 creatures vanquished

Notes
Turn   | Place    | Note
-------+----------+-------------------------------------------
     0 | D:1      | Gorgondantess the Vampire Enchanter began the quest for the
                  | Orb.
     0 | D:1      | Reached XP level 1. HP: 13/13 MP: 3/3
   175 | D:1      | Reached XP level 2. HP: 19/20 MP: 5/5
   595 | D:1      | Gained mutation: You are afflicted with vampirism and can
                  | become a bat while bloodless. [Vampire growth]
   595 | D:1      | Reached XP level 3. HP: 25/25 MP: 6/6
   599 | D:1      | Learned a level 3 spell: Confusing Touch
   603 | D:1      | Learned a level 3 spell: Tukima's Dance
   873 | D:2      | Reached skill level 1 in Fighting
   932 | D:2      | Reached skill level 5 in Stealth
  1141 | D:2      | Noticed Robin
  1211 | D:2      | Reached XP level 4. HP: 29/32 MP: 7/7
  1217 | D:2      | Killed Robin
  1758 | D:3      | Noticed Sigmund
  1770 | D:3      | Killed Sigmund
  1771 | D:3      | Reached skill level 5 in Hexes
  1771 | D:3      | Reached XP level 5. HP: 38/38 MP: 4/8
  2077 | D:3      | Reached XP level 6. HP: 40/44 MP: 9/9
  2825 | D:4      | Found a broken altar of Ashenzari.
  2829 | D:4      | Saw a vision of the Swamp and the Snake Pit.
  2829 | D:4      | Noticed a naga
  2829 | D:4      | Noticed a tyrant leech
  2829 | D:4      | Noticed a tyrant leech
  2829 | D:4      | Noticed an alligator
  2829 | D:4      | Noticed a seven-headed hydra
  2830 | D:4      | Noticed a black mamba
  2830 | D:4      | Noticed a spriggan rider
  2831 | D:4      | Noticed a tyrant leech
  2832 | D:4      | Noticed a mana viper
  3019 | D:4      | Found a sparkling altar of Nemelex Xobeh.
  3370 | D:4      | Found a staircase to the Ecumenical Temple.
  3379 | Temple   | Entered the Ecumenical Temple
  3408 | Temple   | Became a worshipper of Kikubaaqudgha
  3484 | D:5      | Entered Level 5 of the Dungeon
  3523 | D:5      | Noticed Prince Ribbit
  3617 | D:5      | Reached XP level 7. HP: 51/51 MP: 6/10
  4147 | D:5      | Reached skill level 5 in Short Blades
  4495 | D:5      | Noticed Duvessa
  4495 | D:5      | Noticed Dowan
  4529 | D:5      | Killed Dowan
  4532 | D:5      | Killed Duvessa
  4742 | D:5      | Reached XP level 8. HP: 53/58 MP: 6/11
  4889 | D:5      | Reached * piety under Kikubaaqudgha
  4889 | D:5      | Received a gift from Kikubaaqudgha
  4892 | D:5      | Learned a level 1 spell: Necrotise
  5276 | D:6      | Noticed Pikel
  5372 | D:6      | Reached skill level 1 in Necromancy
  5547 | D:6      | Reached skill level 5 in Dodging
  5603 | D:6      | Killed Pikel
  5604 | D:6      | Reached XP level 9. HP: 65/65 MP: 2/13
  5760 | D:6      | Learned a level 2 spell: Cigotuvi's Dreadful Rot
  5865 | D:6      | Found a shimmering altar of Xom.
  5866 | D:6      | Found a sacrificial altar of Ru.
  6008 | D:6      | Found a runed translucent door.
  6009 | D:6      | Noticed Crazy Yiuf
  6016 | D:6      | Killed Crazy Yiuf
  6195 | D:4      | Found a sparkling altar of Nemelex Xobeh.
  6314 | D:4      | Killed Prince Ribbit
  6370 | D:7      | Noticed Maggie
  6382 | D:7      | Noticed Joseph
  6418 | D:7      | Identified the ring of the Lotus Blossom {rF- rCorr Dex+7
                  | Slay+5}
  6642 | D:7      | Killed Joseph
  6789 | D:7      | Killed Maggie
  6790 | D:7      | Reached skill level 5 in Necromancy
  7010 | D:7      | Reached XP level 10. HP: 73/73 MP: 7/15
  7219 | D:8      | Reached ** piety under Kikubaaqudgha
  7360 | D:8      | Found an opulent altar of Gozag.
  7596 | D:8      | Identified the +2 whip of Transparent Innocence {venom, rC-
                  | Dex+2 SInv}
  7708 | D:8      | Noticed Gastronok
  7721 | D:8      | Killed Gastronok
  7722 | D:8      | Reached skill level 5 in Fighting
  7722 | D:8      | Reached skill level 1 in Armour
  7722 | D:8      | Reached skill level 1 in Air Magic
  7722 | D:8      | Reached skill level 1 in Poison Magic
  7806 | D:8      | Found a burning altar of Makhleb.
  8051 | D:8      | Found an ornate altar of the Wu Jian Council.
  8518 | D:9      | Identified the +4 short sword "Torur" {heavy, Fly Str+3}
  8824 | D:9      | Reached skill level 10 in Stealth
  9036 | D:9      | Reached *** piety under Kikubaaqudgha
  9036 | D:9      | Received a gift from Kikubaaqudgha
  9045 | D:9      | Learned a level 5 spell: Borgnjor's Vile Clutch
  9207 | D:10     | Entered Level 10 of the Dungeon
  9241 | D:10     | Noticed a cyclops
  9253 | D:10     | Killed a cyclops
  9254 | D:10     | Reached skill level 1 in Shields
  9297 | D:10     | Reached skill level 1 in Earth Magic
  9345 | D:10     | Found a staircase to the Lair.
  9361 | D:10     | Reached XP level 11. HP: 57/64 MP: 17/17
  9371 | D:10     | Noticed a two-headed ogre
  9389 | D:10     | Killed a two-headed ogre
  9971 | D:10     | Identified the +3 mace "Giantslayer" {elec, Dex+2}
 10117 | D:10     | Learned a level 4 spell: Anguish
 10136 | D:10     | Noticed a two-headed ogre
 10139 | D:10     | Killed a two-headed ogre
 10359 | D:10     | Found a snail-covered altar of Cheibriados.
 10523 | D:10     | Found Himucof's Antique Weapon Boutique.
 10531 | D:10     | Bought a runed dagger for 165 gold pieces
 10676 | D:11     | Noticed Sonja
 10683 | D:11     | Killed Sonja
 10684 | D:11     | Noticed a boulder beetle
 10698 | D:11     | Reached skill level 5 in Spellcasting
 10705 | D:11     | Killed a boulder beetle
 10706 | D:11     | Reached skill level 10 in Hexes
 10760 | D:11     | Reached skill level 10 in Short Blades
 11005 | D:11     | Found a staircase to the Orcish Mines.
 11032 | D:11     | Reached **** piety under Kikubaaqudgha
 11045 | D:11     | Identified the +0 leather armour "Toxel" {-Cast Rampage
                  | rF+++ Dex-4}
 11546 | Lair:1   | Entered Level 1 of the Lair of Beasts
 11811 | D:10     | Reached XP level 12. HP: 42/70 MP: 20/20
 12618 | Lair:1   | Mangled by a cane toad

Illustrated notes

Levels and vault maps discovered:
D:1:      dpeg_arrival_orchard, layout_loops_ring,
          chequers_serial_rivers_large_b, st_stairs_1,
          amcnicky_mini_corridor_feature, minmay_close_crescents
D:2:      cheibrodos_greedy_goblins, layout_basic, dk_noncrumbling_4, uniq_robin
D:3:      layout_loops_ring, uniq_sigmund
D:4:      layout_basic, tso_metal_star, amcnicky_altar_gilded,
          grunt_ashenzari_visionary [grunt_ashenzari_visionary_swamp,
          grunt_ashenzari_visionary_snake], lemuel_temple_firewalk_b
D:5:      cheibrodos_thug_alley, layout_basic, uniq_duvessa, uniq_prince_ribbit1
D:6:      layout_rooms, minitemple, mainiacjoe_overflow_concentric_impassable,
          uniq_pikel, uniq_crazy_yiuf_cottage
D:7:      layout_basic, kennysheep_potato, uniq_maggie, uniq_joseph
D:8:      layout_loops_corners, nicolae_wu_jian_glorious_leap,
          makhleb_grotto_becter, nicolae_gozag_seed_capital, uniq_gastronok
D:9:      layout_basic
D:10:     minmay_statue_hallways, layout_long_grid, cheibriados_altar_1,
          erik_lair_island, serial_shops, shop
D:11:     layout_irregular_city, minmay_orc_entry_temple_small,
          amcnicky_mini_pool_medium, uniq_sonja
Temple:   nicolae_temple_ecumenical_triangle
Lair:1:   layout_cellular_growth, minivault_19, st_stairs_13,
          beast_lair_carwin_3

Skill      XL: |  1  2  3  4  5  6  7  8  9 10 11 12 |
---------------+-------------------------------------+-----
Short Blades   | 2 3 4 5 7 8 9 10 | 10.0
Fighting       | 1 2 3 4 5 6 |  6.3
Stealth        | 5 6 7 8 9 10 | 10.0
Dodging        | 3 4 5 6 7 |  7.8
Hexes          | 5 6 7 8 9 10 | 10.6
Necromancy     | 3 5 6 7 8 |  8.2
Spellcasting   | 3 4 5 |  5.5
Armour         | 2 3 |  3.4
Air Magic      | 2 |  2.0
Poison Magic   | 1 |  1.0
Shields        | 1 2 3 |  3.3
Earth Magic    | 1 4 |  4.8

Action                     |  1- 3 |  4- 6 |  7- 9 | 10-12 || total
---------------------------+-------+-------+-------+-------++-------
  Melee: Dagger            |   132 |   210 |   196 |       ||   538
         Bite              |    12 |    21 |    71 |    56 ||   160
         Punch             |     1 |     2 |     5 |     8 ||    16
         Rapier            |       |       |   239 |    78 ||   317
         Short sword       |       |       |       |   283 ||   283
  Throw: Dart              |       |       |     4 |     4 ||     8
   Cast: Tukima's Dance    |     1 |     7 |    17 |    12 ||    37
         Confusing Touch   |     1 |     5 |    36 |    32 ||    74
         Necrotise         |       |       |     6 |       ||     6
         Cigotuvi's Dreadf |       |       |     1 |     1 ||     2
         Anguish           |       |       |       |     7 ||     7
 Invoke: Unearth Wretches  |       |       |       |     1 ||     1
Ability: Exsanguinate      |       |       |       |     1 ||     1
  Evoke: Wand              |       |       |       |     6 ||     6
    Use: Scroll            |       |       |       |    10 ||    10
   Stab: Sleeping          |     8 |     9 |     4 |    23 ||    44
         Confused          |     1 |     4 |    29 |    21 ||    55
         Distracted        |       |     2 |     1 |     1 ||     4
 Armour: Robe              |    23 |       |       |       ||    23
         Leather armour    |    27 |    54 |   138 |       ||   219
         Steam dragon scal |       |       |     2 |    73 ||    75
         Acid dragon scale |       |       |       |    10 ||    10
  Dodge: Dodged            |    79 |   119 |   250 |   284 ||   732
         Repelled          |       |     4 |     4 |     3 ||    11
